[Event "December 12 Early 2023"]
[Site "https://www.chess.com"]
[Date "2023.12.12"]
[Round "3"]
[White "Gontcharov, Vladislav"]
[Black "Skaric, Djuro"]
[Result "1-0"]
[Board "164"]
[TimeControl "180+1"]
[WhiteFideId "4123492"]
[BlackFideId "934569"]
[WhiteElo "2651"]
[BlackElo "2405"]
[WhiteTeam "RUS"]
[BlackTeam "SRB"]
[WhiteClock "0:00:14"]
[BlackClock "0:00:00"]

1. d4 d6 2. e4 g6 3. Nc3 Bg7 4. Be3 Nf6 5. f3 O-O 6. Qd2 Nc6 7. h4 e5 8. d5 Ne7 9. g4 h5 10. gxh5 Nxh5 11. O-O-O f5 12. Nh3 f4 13. Bf2 a6 14. Rg1 Bd7 15. Kb1 Bf6 16. Ng5 Kg7 17. Bh3 Bxg5 18. Bxd7 Qxd7 19. Rxg5 Rf6 20. Rdg1 Kh7 21. R5g4 Rg8 22. Qe2 Rg7 23. Qf1 b5 24. Qg2 b4 25. Ne2 Ng8 26. Rg5 a5 27. Rd1 a4 28. Ng1 Qb5 29. Be1 b3 30. cxb3 axb3 31. a3 c5 32. dxc6 Qxc6 33. Bc3 Ng3 34. Nh3 Ne7 35. Qd2 Nxe4 36. fxe4 Qxe4+ 37. Ka1 Nf5 38. Rgg1 Kh6 39. Ng5 Qe3 40. Qh2 Ng3 41. Rge1 Qc5 42. Nf3 Re6 43. Qd2 Nh5 44. Ng5 Rf6 45. Ne4 Qc7 46. Nxf6 Nxf6 47. Qg2 Kh7 48. Qa8 Ng4 49. Qd5 Ne3 50. Rxe3 fxe3 51. Re1 Rf7 52. Qxb3 Rf3 53. Qd5 Rh3 54. h5 gxh5 55. Qe4+ Kh6 56. Qf5 Rg3 57. Qf8+ Qg7 58. Qxd6+ Qg6 59. Qxe5 h4 60. Qh8+ Kg5 61. Qd8+ Kg4 62. Qd4+ Kh5 63. Rxe3 Rg1+ 64. Be1 Qg5 65. Qd1+ Qg4 66. Re5+ Kg6 67. Qd6+ Kf7 68. Re7+ 1-0

[Event "December 12 Early 2023"]
[Site "https://www.chess.com"]
[Date "2023.12.12"]
[Round "3"]
[White "Ginzburg, Yakov"]
[Black "Zivic, Dragan"]
[Result "0-1"]
[Board "165"]
[TimeControl "180+1"]
[WhiteFideId "4157176"]
[BlackFideId "904740"]
[WhiteElo "2550"]
[BlackElo "2394"]
[WhiteTeam "RUS"]
[BlackTeam "SRB"]
[WhiteClock "0:00:29"]
[BlackClock "0:01:16"]

1. e4 c6 2. d4 d5 3. Nc3 dxe4 4. Nxe4 Bf5 5. Ng3 Bg6 6. h4 h6 7. Nf3 Nd7 8. h5 Bh7 9. Bd3 Bxd3 10. Qxd3 Ngf6 11. Bf4 Qa5+ 12. Bd2 Qc7 13. O-O-O e6 14. Ne4 Nxe4 15. Qxe4 Nf6 16. Qe2 Bd6 17. Ne5 O-O-O 18. Rh4 Bxe5 19. dxe5 Nd5 20. Rg4 Rhg8 21. c4 Ne7 22. Rf4 Rgf8 23. Bb4 Rxd1+ 24. Kxd1 c5 25. Bc3 Nf5 26. Kc1 Rd8 27. g4 Nd4 28. Qe3 Qd7 29. b4 Nc6 30. b5 Qd1+ 31. Kb2 Nd4 32. Rxf7 Qc2+ 33. Ka3 Qb1 34. Bxd4 Qb4# 0-1

[Event "December 12 Early 2023"]
[Site "https://www.chess.com"]
[Date "2023.12.12"]
[Round "3"]
[White "Kolmagorov, Alexey"]
[Black "Batsiashvili, Nino"]
[Result "0-1"]
[Board "166"]
[TimeControl "180+1"]
[WhiteFideId "34129402"]
[BlackFideId "13602993"]
[WhiteElo "2378"]
[BlackElo "2520"]
[WhiteTeam "RUS"]
[BlackTeam "GEO"]
[WhiteClock "0:00:02"]
[BlackClock "0:00:38"]

1. d4 Nf6 2. c4 c5 3. d5 b5 4. cxb5 a6 5. bxa6 e6 6. Nc3 exd5 7. Nxd5 Bxa6 8. Nxf6+ Qxf6 9. Nf3 Nc6 10. g3 Be7 11. Bg2 O-O 12. O-O Qe6 13. Re1 Rfd8 14. Bg5 d5 15. Bxe7 Qxe7 16. a3 Rac8 17. Qc2 d4 18. Qa4 Bxe2 19. Nd2 Nb8 20. Bf3 d3 21. Rac1 Nd7 22. Bg4 Rb8 23. Bxe2 dxe2 24. Nc4 Nb6 25. Nxb6 Rxb6 26. Qc2 Re6 27. h4 h5 28. a4 Rd5 29. a5 Rde5 30. a6 Rxa6 31. Qxc5 Rxc5 32. Rxc5 Qxc5 0-1

[Event "December 12 Early 2023"]
[Site "https://www.chess.com"]
[Date "2023.12.12"]
[Round "3"]
[White "Barath1308"]
[Black "Baziuk, Vladyslav"]
[Result "0-1"]
[Board "167"]
[TimeControl "180+1"]
[BlackFideId "34107940"]
[WhiteElo "2371"]
[BlackElo "2512"]
[BlackTeam "UKR"]
[WhiteClock "0:00:00"]
[BlackClock "0:00:03"]

1. b3 e5 2. Bb2 d6 3. c4 Nd7 4. e3 g6 5. Nf3 Bg7 6. d4 exd4 7. Nxd4 Ngf6 8. Nc3 O-O 9. Be2 Re8 10. O-O Nc5 11. Rc1 Nce4 12. Nxe4 Nxe4 13. Rc2 Bd7 14. Qa1 a5 15. a3 Nc5 16. Qa2 Qe7 17. Bf3 c6 18. Rd1 Ne4 19. Rf1 h5 20. Bd1 Kh7 21. Nf3 Nc5 22. Bxg7 Kxg7 23. Qb2+ Kg8 24. Be2 Bf5 25. Rd2 Ne4 26. Rdd1 Rad8 27. Nd4 Bc8 28. Bf3 Bd7 29. b4 axb4 30. axb4 c5 31. Nb5 Bc6 32. Bxe4 Qxe4 33. f3 Qxe3+ 34. Kh1 Bxb5 35. cxb5 c4 36. Qd4 Qe6 37. h3 d5 38. Rf2 Qd7 39. Rfd2 Qxb5 40. Qf6 Rd7 41. Qc3 Red8 42. Rd4 Qb6 43. Kh2 Qd6+ 44. Kh1 Qg3 45. Kg1 Rd6 46. Kh1 b5 47. Kg1 Qg5 48. Kh1 Ra8 49. h4 Qf5 50. Qd2 Rad8 51. Qe3 Re6 52. Qc3 Re5 53. Kh2 Rde8 54. R1d2 Qf6 55. Rd1 Re2 56. Qa3 Qf5 57. Qa7 Qe5+ 58. Kh1 Re1+ 59. Rxe1 Qxe1+ 60. Kh2 c3 61. Qc5 Qe5+ 62. f4 Qe3 63. Rxd5 Qxf4+ 64. Kh3 Re3+ 0-1

[Event "December 12 Early 2023"]
[Site "https://www.chess.com"]
[Date "2023.12.12"]
[Round "3"]
[White "Evdokimov, Alexey"]
[Black "Andrews, Todd"]
[Result "1/2-1/2"]
[Board "168"]
[TimeControl "180+1"]
[WhiteFideId "24162450"]
[BlackFideId "2012456"]
[WhiteElo "2344"]
[BlackElo "2509"]
[WhiteTeam "RUS"]
[BlackTeam "USA"]
[WhiteClock "0:00:05"]
[BlackClock "0:00:08"]

1. Nf3 Nf6 2. c4 Nc6 3. d4 e6 4. g3 d5 5. cxd5 exd5 6. Bg2 Bd6 7. Nc3 O-O 8. O-O Ne7 9. Ne5 c6 10. Bg5 Ng6 11. e4 dxe4 12. Nxg6 hxg6 13. Nxe4 Be7 14. Nxf6+ Bxf6 15. Bxf6 Qxf6 16. d5 Rd8 17. Qb3 c5 18. Rad1 b6 19. Qa4 Rd6 20. Rfe1 Bd7 21. Qa6 Bg4 22. Rd3 Rd7 23. b3 Rad8 24. Qc4 Qb2 25. Qxg4 Qxa2 26. h4 b5 27. h5 gxh5 28. Qxh5 c4 29. bxc4 bxc4 30. Rde3 Rf8 31. Re8 Rd8 32. Rxf8+ Rxf8 33. d6 c3 34. d7 Qd2 35. Rd1 c2 36. Rxd2 c1=Q+ 37. Rd1 Qc7 38. Be4 g6 39. Bxg6 fxg6 40. Qxg6+ Kh8 41. Qh6+ Kg8 42. Rd6 Qc3 43. d8=Q Qe1+ 44. Kg2 Qxf2+ 45. Kh3 Qf1+ 46. Kg4 Qe2+ 47. Kh4 Qh2+ 48. Kg5 Qxg3+ 49. Kh5 Qf3+ 50. Kh4 Qf2+ 51. Kh3 Qf3+ 52. Kh4 Qf2+ 53. Kg5 Qg3+ 54. Kh5 Qf3+ 55. Kh4 1/2-1/2

[Event "December 12 Early 2023"]
[Site "https://www.chess.com"]
[Date "2023.12.12"]
[Round "3"]
[White "Derjabin, Ilja"]
[Black "Chlpik, Martin"]
[Result "1-0"]
[Board "169"]
[TimeControl "180+1"]
[WhiteFideId "14104768"]
[BlackFideId "14923351"]
[WhiteElo "2503"]
[BlackElo "2329"]
[WhiteTeam "UKR"]
[BlackTeam "SVK"]
[WhiteClock "0:00:06"]
[BlackClock "0:00:00"]

1. d4 Nf6 2. c4 c5 3. d5 e6 4. Nc3 exd5 5. cxd5 d6 6. e4 g6 7. Nge2 Bg7 8. Ng3 O-O 9. Be2 Re8 10. O-O h5 11. Bg5 a6 12. a4 Qc7 13. Bxf6 Bxf6 14. Bxh5 gxh5 15. Nxh5 Bg7 16. Ra3 Re5 17. f4 Rxh5 18. Qxh5 Nd7 19. e5 dxe5 20. Ne4 exf4 21. d6 Qa5 22. Ng5 Ne5 23. Rxf4 Qd2 24. Rxf7 Qd4+ 25. Rf2 Bf5 26. h3 Bg6 27. Qe2 Re8 28. Re3 Qxd6 29. Ne4 Bxe4 30. Rxe4 Qg6 31. Kh1 1-0

[Event "December 12 Early 2023"]
[Site "https://www.chess.com"]
[Date "2023.12.12"]
[Round "3"]
[White "IranianCheetah"]
[Black "Ljukin, Sergei"]
[Result "0-1"]
[Board "170"]
[TimeControl "180+1"]
[BlackFideId "14102200"]
[WhiteElo "2324"]
[BlackElo "2485"]
[BlackTeam "UKR"]
[WhiteClock "0:00:00"]
[BlackClock "0:00:30"]

1. e4 e6 2. d4 d5 3. Nd2 Nf6 4. e5 Nfd7 5. Bd3 c5 6. c3 Nc6 7. Ne2 cxd4 8. cxd4 f6 9. exf6 Qxf6 10. Nf3 h6 11. O-O Bd6 12. a3 O-O 13. b4 e5 14. Bb5 e4 15. Ne1 Qh4 16. g3 Qh5 17. f4 Nf6 18. Nc3 Qxd1 19. Nxd1 Nxd4 20. Ba4 b5 21. Bb2 Ne2+ 22. Kf2 bxa4 23. Kxe2 Ba6+ 24. Kf2 Ng4+ 25. Kg2 Bxf1+ 26. Kxf1 Nxh2+ 27. Kg2 Ng4 28. Nc2 g5 29. Nde3 Nxe3+ 30. Nxe3 gxf4 31. gxf4 Rxf4 32. Nxd5 Rf3 33. Nf6+ Rxf6 34. Bxf6 Kf7 35. Rf1 Rg8+ 36. Kh3 Ke6 37. Bd4 a6 38. Rf6+ Kd5 39. Bf2 Rf8 40. Rxf8 Bxf8 41. Be3 Kc4 42. Kg4 Kd3 0-1

[Event "December 12 Early 2023"]
[Site "https://www.chess.com"]
[Date "2023.12.12"]
[Round "3"]
[White "Lehtosaari, Mauri"]
[Black "Umarov, Sabir"]
[Result "1-0"]
[Board "171"]
[TimeControl "180+1"]
[WhiteFideId "501999"]
[BlackFideId "14200538"]
[WhiteElo "2463"]
[BlackElo "2318"]
[WhiteTeam "FIN"]
[BlackTeam "UZB"]
[WhiteClock "0:00:44"]
[BlackClock "0:00:00"]

1. e4 c6 2. d4 d5 3. Nc3 g6 4. Nf3 Bg7 5. exd5 cxd5 6. h3 Nf6 7. Bd3 O-O 8. O-O Nc6 9. a3 Bf5 10. Bxf5 gxf5 11. Ne2 Ne4 12. c3 e6 13. Nf4 Kh8 14. Nd3 Rg8 15. Bf4 Bf6 16. Kh1 Rg7 17. Qe2 Qe7 18. Nde5 Rag8 19. Rg1 Qe8 20. Nxc6 bxc6 21. Be5 Bxe5 22. Nxe5 f6 23. Nd3 Rg5 24. Kh2 Qg6 25. f4 Rg3 26. Raf1 Qh6 27. Rf3 1-0

[Event "December 12 Early 2023"]
[Site "https://www.chess.com"]
[Date "2023.12.12"]
[Round "3"]
[White "Zaichenko, Daria"]
[Black "Lopusiewicz, Piotr"]
[Result "0-1"]
[Board "172"]
[TimeControl "180+1"]
[WhiteFideId "4197453"]
[BlackFideId "1116029"]
[WhiteElo "2238"]
[BlackElo "2444"]
[WhiteTeam "RUS"]
[BlackTeam "POL"]
[WhiteClock "0:00:04"]
[BlackClock "0:00:20"]

1. e4 e5 2. Nf3 Nc6 3. Bc4 Nf6 4. d3 Bc5 5. c3 d6 6. Bb3 h6 7. Nbd2 a5 8. a4 O-O 9. O-O Be6 10. Nc4 Ba7 11. Ne3 Bxb3 12. Qxb3 Qd7 13. Nf5 d5 14. Qxb7 Rfe8 15. Re1 Rab8 16. Qxb8 Nxb8 17. Bd2 c6 18. b4 Ng4 19. Rf1 Kh7 20. h3 Nxf2 21. Rxf2 Bxf2+ 22. Kxf2 axb4 23. cxb4 Na6 24. g4 g6 25. Nxh6 Nxb4 26. Bxb4 Kxh6 27. Bd2+ Kg7 28. a5 f5 29. gxf5 dxe4 30. dxe4 gxf5 31. Rg1+ Kh8 32. Bg5 Rf8 33. Bh6 Rg8 34. Rb1 fxe4 35. Ng5 Qd2+ 36. Kg1 Rxg5+ 37. Bxg5 Qxg5+ 38. Kf1 Qf4+ 39. Ke2 Qf3+ 40. Kd2 Qd3+ 41. Kc1 e3 42. Rb8+ Kg7 43. Rb7+ Kf6 44. Rb6 Qd2+ 45. Kb1 e2 46. Rxc6+ Kf5 47. Rc2 e1=Q+ 48. Kb2 Qb4+ 49. Ka2 Qeb1# 0-1

[Event "December 12 Early 2023"]
[Site "https://www.chess.com"]
[Date "2023.12.12"]
[Round "3"]
[White "NastyaHn"]
[Black "Gatterer, Florian"]
[Result "1/2-1/2"]
[Board "173"]
[TimeControl "180+1"]
[BlackFideId "811688"]
[WhiteElo "2232"]
[BlackElo "2440"]
[BlackTeam "ITA"]
[WhiteClock "0:00:18"]
[BlackClock "0:00:34"]

1. Nc3 d5 2. e4 dxe4 3. Nxe4 Bf5 4. Ng3 Bg6 5. d4 e6 6. N1e2 c6 7. Nf4 Bd6 8. h4 Qc7 9. Qf3 Bxc2 10. Bc4 Bb4+ 11. Kf1 Nd7 12. Ngh5 O-O-O 13. Nxg7 Ngf6 14. Ngh5 Bf5 15. Ng3 Bg4 16. Qb3 Bd6 17. Nfe2 Nb6 18. Bg5 Be7 19. Bf4 Bd6 20. Bg5 Be7 21. Bf4 Bd6 22. Bg5 1/2-1/2

[Event "December 12 Early 2023"]
[Site "https://www.chess.com"]
[Date "2023.12.12"]
[Round "3"]
[White "MasterofMasters2006"]
[Black "Kozelov, Roman"]
[Result "0-1"]
[Board "174"]
[TimeControl "180+1"]
[BlackFideId "14133377"]
[WhiteElo "2067"]
[BlackElo "2422"]
[BlackTeam "UKR"]
[WhiteClock "0:01:44"]
[BlackClock "0:02:09"]

1. d4 d5 2. c4 e5 3. dxe5 d4 4. Nf3 Nc6 5. g3 Be6 6. Nbd2 Nge7 7. Bg2 Ng6 8. O-O Be7 9. Qc2 O-O 10. Nb3 Ngxe5 11. Nxe5 Nxe5 12. Bxb7 Bxc4 13. Bxa8 d3 14. Qc3 Bf6 15. Qb4 dxe2 16. Re1 Qxa8 17. Bf4 Nf3+ 0-1

[Event "December 12 Early 2023"]
[Site "https://www.chess.com"]
[Date "2023.12.12"]
[Round "3"]
[White "Vanek, Tomas"]
[Black "Samunenkov, Ihor"]
[Result "0-1"]
[Board "175"]
[TimeControl "180+1"]
[WhiteFideId "313459"]
[BlackFideId "14187086"]
[WhiteElo "2207"]
[BlackElo "2729"]
[WhiteTeam "CZE"]
[BlackTeam "UKR"]
[WhiteClock "0:01:06"]
[BlackClock "0:01:44"]

1. e4 c6 2. d4 d5 3. e5 Bf5 4. Nd2 e6 5. g4 Bg6 6. h4 h5 7. Bd3 Bxd3 8. cxd3 hxg4 9. Qxg4 Nh6 10. Qg5 Qb6 11. Ne2 Nf5 12. Qg4 Na6 13. Nb3 Nb4 14. Kd2 Nxa2 15. Nc5 Qb4+ 16. Kd1 Bxc5 17. Rxa2 Qb3+ 18. Ke1 Bb4+ 19. Kf1 Qxa2 20. Nf4 O-O-O 21. Kg2 g6 22. Nh3 Rxh4 23. Qf3 Rdh8 24. Bg5 R4h5 25. Bf6 Qxb2 26. Bxh8 Nh4+ 27. Kg3 Nxf3 28. Nf4 Rxh1 29. Kg4 Qxf2 0-1

[Event "December 12 Early 2023"]
[Site "https://www.chess.com"]
[Date "2023.12.12"]
[Round "3"]
[White "Georg, Heinz"]
[Black "Wu, Derek"]
[Result "0-1"]
[Board "176"]
[TimeControl "180+1"]
[WhiteFideId "4607295"]
[BlackFideId "30914558"]
[WhiteElo "2352"]
[BlackElo "2699"]
[WhiteTeam "GER"]
[BlackTeam "USA"]
[WhiteClock "0:00:00"]
[BlackClock "0:00:07"]

1. e4 e6 2. c4 c5 3. Nf3 Nc6 4. Nc3 Nf6 5. d4 cxd4 6. Nxd4 Bb4 7. Nxc6 bxc6 8. Bd3 d5 9. cxd5 exd5 10. exd5 Nxd5 11. O-O O-O 12. Ne4 h6 13. Qf3 Re8 14. a3 Bf8 15. Rd1 a5 16. Bf4 Be6 17. Nc3 Qf6 18. Nxd5 Bxd5 19. Qg3 Kh8 20. Re1 Qxb2 21. Be5 Qd2 22. Re2 Qg5 23. Rae1 Re6 24. Qxg5 hxg5 25. Bf5 Rh6 26. Bb2 Rd6 27. Re8 Rdd8 28. R8e3 Kg8 29. Rh3 f6 30. Bh7+ Kf7 31. Bf5 Re8 32. Rhe3 Rxe3 33. fxe3 Rb8 34. Re2 Rb3 35. g3 Bxa3 36. Bd4 g6 37. Bd7 c5 38. e4 cxd4 39. exd5 d3 40. Be8+ Kf8 41. Re6 d2 0-1

[Event "December 12 Early 2023"]
[Site "https://www.chess.com"]
[Date "2023.12.12"]
[Round "3"]
[White "Kleibel, Uwe"]
[Black "Hua, Lefong"]
[Result "0-1"]
[Board "177"]
[TimeControl "180+1"]
[WhiteFideId "1270982"]
[BlackFideId "2602253"]
[WhiteElo "2352"]
[BlackElo "2673"]
[WhiteTeam "GER"]
[BlackTeam "CAN"]
[WhiteClock "0:00:13"]
[BlackClock "0:00:35"]

1. e4 c5 2. Nf3 g6 3. d4 cxd4 4. Qxd4 Nf6 5. Nc3 Nc6 6. Qa4 d6 7. e5 dxe5 8. Nxe5 Bg7 9. Nxc6 bxc6 10. Qxc6+ Bd7 11. Qf3 O-O 12. Bd3 Rc8 13. O-O Bc6 14. Ne4 Nd5 15. Qe2 Nb4 16. Rd1 Nxd3 17. Rxd3 Qc7 18. Rd1 Bxe4 19. Qxe4 Qxc2 20. Qxc2 Rxc2 21. Rb1 Rfc8 22. g3 h5 23. h4 a6 24. a4 Be5 25. b3 Bd6 26. Be3 Bc5 27. Bxc5 R8xc5 28. Rd7 Rf5 29. Rf1 e6 30. Ra7 a5 31. Rb7 Rb2 32. Kg2 Rd5 33. Rb6 Kg7 34. Rb7 Kf6 35. Rb6 Rd3 36. Rb5 Rdxb3 37. Rxa5 Ra2 38. Ra7 Rba3 39. a5 Rxa5 40. Rxa5 Rxa5 41. Re1 e5 42. Rd1 Kf5 43. Rb1 f6 44. Rb7 Ra2 45. Kf3 e4+ 46. Ke3 Ra3+ 47. Ke2 g5 48. Rb5+ Kg4 49. Rb4 f5 50. hxg5 Kxg5 51. Rb8 Ra6 52. Rg8+ Rg6 53. Rh8 Kg4 54. Ke3 Kg5 55. Ke2 Rh6 56. Rg8+ Kf6 57. Ke3 h4 58. gxh4 Rxh4 59. Ke2 Ke5 60. Ke3 Rh3+ 61. Ke2 Kf4 62. Rf8 Ra3 63. Rf7 Ra4 64. Rf8 Ra2+ 65. Ke1 Kg4 66. Rg8+ Kf3 67. Rf8 f4 68. Rf7 Re2+ 69. Kf1 Rxf2+ 0-1

[Event "December 12 Early 2023"]
[Site "https://www.chess.com"]
[Date "2023.12.12"]
[Round "3"]
[White "Vigoa Apecheche, Yanira"]
[Black "Kleiman, Jake"]
[Result "1/2-1/2"]
[Board "178"]
[TimeControl "180+1"]
[WhiteFideId "3507041"]
[BlackFideId "2020041"]
[WhiteElo "2349"]
[BlackElo "2631"]
[WhiteTeam "USA"]
[BlackTeam "USA"]
[WhiteClock "0:00:31"]
[BlackClock "0:00:13"]

1. d4 Nf6 2. Bg5 Ne4 3. Bf4 Nc6 4. e3 d5 5. Bd3 e6 6. Bxe4 dxe4 7. Nd2 f5 8. f3 exf3 9. Ngxf3 Bd6 10. Ne5 Nxe5 11. dxe5 Bb4 12. c3 Be7 13. Qe2 Qd5 14. O-O Bd7 15. c4 Qc6 16. a3 a5 17. Rac1 a4 18. Nf3 O-O 19. Rfd1 Rad8 20. Nd4 Qe4 21. c5 Bb5 22. Qxb5 Rd5 23. Nxe6 Rc8 24. Rd4 Rxd4 25. Nxd4 g5 26. Qc4+ Kh8 27. Qf7 gxf4 28. Qxe7 Qxe3+ 29. Kf1 Qxc1+ 30. Kf2 Qe3+ 31. Kf1 Qc1+ 32. Kf2 Qe3+ 33. Kf1 Qc1+ 1/2-1/2

[Event "December 12 Early 2023"]
[Site "https://www.chess.com"]
[Date "2023.12.12"]
[Round "3"]
[White "DHLT216"]
[Black "Mesa Cruz, Juan Carlos"]
[Result "1-0"]
[Board "179"]
[TimeControl "180+1"]
[BlackFideId "6423400"]
[WhiteElo "2627"]
[BlackElo "2347"]
[BlackTeam "DOM"]
[WhiteClock "0:01:21"]
[BlackClock "0:00:06"]

1. e4 c5 2. Nf3 d6 3. d4 cxd4 4. Nxd4 Nf6 5. Nc3 a6 6. Bc4 e6 7. Qe2 b5 8. Bb3 Nbd7 9. g4 Nc5 10. g5 Nfd7 11. h4 Bb7 12. f3 Qc7 13. Be3 Be7 14. O-O-O b4 15. Na4 O-O 16. h5 Nxa4 17. Bxa4 Nc5 18. Bb3 a5 19. g6 Bf6 20. gxf7+ Kxf7 21. Nb5 Ba6 22. Nxc7 Bxe2 23. Nxa8 Rxa8 24. Rxd6 Bxf3 25. Bxc5 Bxh1 26. Bxe6+ Ke8 27. Bd5 Rd8 28. Re6+ Kd7 29. Ra6 Be5 30. Rxa5 Bf3 31. h6 gxh6 32. Ra7+ Bc7 33. Bb6 Rc8 34. Bb7 Rb8 35. Bxc7 Kxc7 36. Bd5+ Kd6 37. Rxh7 h5 38. Kd2 Ke5 39. Ke3 Bg4 40. Re7+ Kd6 41. Ra7 Rc8 42. Kd4 Rc7 43. e5+ Kd7 44. e6+ Kd6 45. Rxc7 Kxc7 46. Ke5 Kd8 47. Kd6 h4 48. e7+ Ke8 49. Bc6+ Kf7 50. e8=Q+ Kf6 51. Qh8+ Kf5 52. Qxh4 Kf4 53. Bd7 b3 54. Qxg4+ Ke3 55. Qg3+ Kd4 56. Qxb3 Ke4 57. Qd3+ Kf4 58. Qd4+ Kf3 59. Bc6+ Ke2 60. Qc3 Kd1 61. Ke5 Kc1 62. Ke4 Kd1 63. Ke3 Kc1 64. Bd5 Kb1 65. b4 Kc1 66. Kd3 Kb1 67. a4 Kc1 68. a5 Kb1 69. a6 Kc1 70. a7 Kb1 71. a8=Q Kc1 72. Qaa1# 1-0

[Event "December 12 Early 2023"]
[Site "https://www.chess.com"]
[Date "2023.12.12"]
[Round "3"]
[White "Luukkonen, Tommi"]
[Black "Eden, James"]
[Result "0-1"]
[Board "180"]
[TimeControl "180+1"]
[WhiteFideId "501808"]
[BlackFideId "666491"]
[WhiteElo "2342"]
[BlackElo "2611"]
[WhiteTeam "FIN"]
[BlackTeam "FRA"]
[WhiteClock "0:00:00"]
[BlackClock "0:00:10"]

1. e4 c5 2. d4 cxd4 3. Qxd4 Nc6 4. Qd3 g6 5. Nc3 Bg7 6. Nf3 d6 7. Be2 Nf6 8. O-O O-O 9. Nd5 Nxd5 10. exd5 Nb4 11. Qd1 Bf5 12. c3 Nc2 13. g4 Nxa1 14. gxf5 Qa5 15. a4 Qb6 16. Nd4 Bxd4 17. cxd4 Nb3 18. Bh6 Rfc8 19. Bg4 Nxd4 20. fxg6 hxg6 21. Bxc8 Rxc8 22. Be3 Rc4 23. b3 Rb4 24. Qd3 Qc5 25. Rd1 Qxd5 26. Bxd4 Rxb3 27. Qe2 Qg5+ 28. Kf1 Rh3 29. Be3 Qh4 30. Qb5 Rxh2 31. Ke2 a6 32. Qxb7 Qxa4 33. Rd4 Qb5+ 34. Qxb5 axb5 35. Rb4 Rh5 36. Kf3 f6 37. Kg4 Kf7 38. f4 Rd5 39. Rb3 e5 40. f5 gxf5+ 41. Kxf5 Rd1 42. Rxb5 Rf1+ 43. Ke4 Ke6 44. Kd3 f5 45. Ke2 Ra1 46. Rb6 Ra2+ 47. Kd3 Kd5 48. Rb4 f4 49. Bxf4 Ra3+ 50. Kd2 exf4 51. Rxf4 Ke5 52. Rf8 d5 53. Rh8 Kd4 54. Rh4+ Kc5 55. Rh8 Kc4 56. Rh4+ d4 57. Rh8 Ra2+ 58. Kd1 Kc3 59. Rc8+ Kd3 60. Ke1 Ra1+ 61. Kf2 Kd2 62. Rb8 d3 63. Rc8 Ra7 0-1

[Event "December 12 Early 2023"]
[Site "https://www.chess.com"]
[Date "2023.12.12"]
[Round "3"]
[White "Jakubowska, Anna"]
[Black "Kotlyar, Kirill"]
[Result "1/2-1/2"]
[Board "181"]
[TimeControl "180+1"]
[WhiteFideId "1121952"]
[BlackFideId "24145599"]
[WhiteElo "2341"]
[BlackElo "2574"]
[WhiteTeam "POL"]
[BlackTeam "RUS"]
[WhiteClock "0:00:01"]
[BlackClock "0:00:41"]

1. e4 e5 2. Nf3 Nc6 3. Bb5 a6 4. Ba4 Nf6 5. O-O Be7 6. d3 b5 7. Bb3 O-O 8. a4 b4 9. Re1 d6 10. c3 a5 11. Nbd2 Rb8 12. d4 Ra8 13. h3 Bb7 14. Nc4 exd4 15. cxd4 d5 16. exd5 Nxd5 17. Nce5 Bf6 18. Bd2 Re8 19. Rc1 Nxd4 20. Nxd4 Bxe5 21. Nf5 Bxb2 22. Qg4 g6 23. Nh6+ Kg7 24. Bg5 Bf6 25. Bxd5 Rxe1+ 26. Rxe1 Bxd5 27. h4 Bxg5 28. hxg5 Be6 29. Qf3 Rb8 30. Rxe6 Qxg5 31. Qxf7+ Kxh6 32. Re3 Qxe3 33. fxe3 b3 34. Qf4+ Kh5 35. g4+ Kh4 36. g5+ Kh5 37. Kg2 Rb4 38. Qh2+ Kxg5 39. Qe5+ Kh6 40. Qb2 Kg5 41. Kf3 Kf5 42. e4+ Ke6 43. Ke3 h5 44. Kd3 h4 45. Kc3 h3 46. Qh2 b2 47. Qxh3+ Ke5 48. Qg3+ Kxe4 49. Qxg6+ Ke3 50. Qe6+ Kf4 51. Qf6+ Ke4 52. Qe6+ Kf3 53. Qf5+ Ke2 54. Qe5+ Kd1 55. Qh5+ Ke1 56. Qh1+ Ke2 57. Qb1 Ke3 58. Qd3+ Kf4 59. Qd2+ Ke5 60. Qe2+ Kd6 61. Qh2+ Kc6 62. Qg2+ Kb6 63. Qf2+ Kb7 64. Qg2+ Ka7 65. Qf2+ Ka8 66. Qg2+ Rb7 67. Qg8+ Ka7 68. Qg1+ Rb6 69. Qb1 c6 70. Kc2 c5 71. Kc3 Ka6 72. Kc4 Rb4+ 73. Kxc5 Ka7 74. Kc6 Rb6+ 75. Kc7 Rb7+ 76. Kc6 Rb6+ 77. Kc7 Rb7+ 78. Kc8 Rb6 79. Kc7 1/2-1/2

[Event "December 12 Early 2023"]
[Site "https://www.chess.com"]
[Date "2023.12.12"]
[Round "3"]
[White "Gong, Qianyun"]
[Black "Skurikhin, Dmitrij"]
[Result "1-0"]
[Board "182"]
[TimeControl "180+1"]
[WhiteFideId "8602425"]
[BlackFideId "4161297"]
[WhiteElo "2563"]
[BlackElo "2337"]
[WhiteTeam "SGP"]
[BlackTeam "RUS"]
[WhiteClock "0:00:21"]
[BlackClock "0:00:00"]

1. e4 c6 2. d4 d5 3. e5 Bf5 4. h4 h5 5. c4 dxc4 6. Nc3 e6 7. Bxc4 Be7 8. Nge2 Bg4 9. Ne4 Nd7 10. Bf4 Qa5+ 11. Kf1 Nb6 12. Bd3 Qd5 13. f3 Bf5 14. N4c3 Qd7 15. Bxf5 exf5 16. Qc2 Bd8 17. Rd1 Ne7 18. Kf2 Ned5 19. g3 Be7 20. a3 Qe6 21. b4 Rd8 22. Bg5 f6 23. exf6 gxf6 24. Bf4 Kf7 25. Rhe1 Qd7 26. Bc1 Bd6 27. Ng1 Rhg8 28. f4 Nxc3 29. Qxc3 Nd5 30. Qf3 Kg6 31. Qd3 Rge8 32. Nf3 Rxe1 33. Rxe1 Re8 34. Ne5+ fxe5 35. fxe5 Bc7 36. Kg2 Qe6 37. Kh2 Rg8 38. Rf1 Bb6 39. Qd2 Bd8 40. Qd3 Bb6 41. Qd2 Bd8 42. Qh6+ Kf7 43. Qxh5+ Qg6 44. Rxf5+ Ke8 45. Qf3 Be7 46. b5 Qg4 47. bxc6 bxc6 48. Qd3 Bxh4 49. Rf3 Be7 50. Qb3 Kd7 51. Qb7+ Nc7 52. Qb3 Qe6 53. Qd3 Qg4 54. Bf4 Nd5 55. Qb3 Ke6 56. Kg2 Qh5 57. Qc4 Kd7 58. e6+ Kxe6 59. Qxc6+ Kf5 60. Qxd5+ Kg4 61. Qxg8+ Qg5 62. Bxg5 1-0

[Event "December 12 Early 2023"]
[Site "https://www.chess.com"]
[Date "2023.12.12"]
[Round "3"]
[White "Khamdamova, Afruza"]
[Black "Buscar, Michael"]
[Result "1-0"]
[Board "183"]
[TimeControl "180+1"]
[WhiteFideId "14210444"]
[BlackFideId "2603616"]
[WhiteElo "2520"]
[BlackElo "2337"]
[WhiteTeam "UZB"]
[BlackTeam "CAN"]
[WhiteClock "0:00:28"]
[BlackClock "0:00:01"]

1. Nf3 b6 2. g3 Bb7 3. Bg2 Nf6 4. O-O e6 5. d4 c5 6. c4 cxd4 7. Qxd4 Be7 8. Nc3 O-O 9. Bg5 d6 10. Rad1 a6 11. Bxf6 gxf6 12. e4 Nd7 13. Rfe1 Ne5 14. Nxe5 fxe5 15. Qe3 Bg5 16. f4 Bh6 17. Rd3 Qc7 18. b3 Rad8 19. Red1 Rd7 20. Qf2 Bg7 21. f5 exf5 22. exf5 Bxg2 23. Kxg2 Qc6+ 24. Nd5 f6 25. Qf3 Rc8 26. Nc3 Qxf3+ 27. Kxf3 Rcd8 28. Nd5 b5 29. Nb6 Re7 30. Rxd6 Rxd6 31. Rxd6 bxc4 32. bxc4 Rc7 33. Rd8+ Kf7 34. Rd7+ Rxd7 35. Nxd7 Ke7 36. Nc5 a5 37. a4 Bh6 38. Nb3 Kd6 39. Ke4 Bc1 40. Nxc1 1-0

[Event "December 12 Early 2023"]
[Site "https://www.chess.com"]
[Date "2023.12.12"]
[Round "3"]
[White "Rogov, Matfey"]
[Black "Harriott, Tyrell"]
[Result "1-0"]
[Board "184"]
[TimeControl "180+1"]
[WhiteFideId "44191308"]
[BlackFideId "2086484"]
[WhiteElo "2513"]
[BlackElo "2337"]
[WhiteTeam "RUS"]
[BlackTeam "USA"]
[WhiteClock "0:00:25"]
[BlackClock "0:00:00"]

1. a4 e6 2. Ra3 Bxa3 3. Nxa3 f5 4. b3 Nf6 5. Bb2 O-O 6. Qa1 d5 7. e3 c6 8. f4 Nbd7 9. Nf3 Qe7 10. h3 b6 11. Rg1 Ne4 12. g4 g6 13. d3 Nef6 14. Nb1 Bb7 15. Nbd2 Rae8 16. Be2 Qd6 17. Ne5 c5 18. h4 fxg4 19. Bxg4 Qe7 20. h5 Nxg4 21. Rxg4 Nxe5 22. Bxe5 Qf7 23. Ke2 Qf5 24. Rg5 Qh3 25. Qg1 Rf7 26. hxg6 hxg6 27. Rxg6+ 1-0